 Dungeon Crawl Stone Soup version 0.27-a0-1448-g9c78c815f3 (webtiles) character file.

Game seed: 5340071750518863761

19 Froggeryz the Conjurer (level 2, 0/20 HPs)
             Began as a Draconian Conjurer on July 5, 2021.
             Succumbed to an adder's poison
             ... on level 1 of the Dungeon.
             The game lasted 00:01:51 (767 turns).

Froggeryz the Conjurer (Draconian Conjurer)          Turns: 767, Time: 00:01:52

Health: 0/20       AC:  4    Str:  9    XL:     2   Next: 55%
Magic:  3/5        EV:  9    Int: 18    God:
Gold:   35         SH:  0    Dex:  9    Spells: 4/5 levels left

rFire    . . .     SeeInvis .   c - +2 spear (venom)
rCold    . . .     Faith    .   (no shield)
rNeg     . . .     Spirit   .   (armour unavailable)
rPois    .         Reflect  .   (helmet restricted)
rElec    .         Harm     .   (no cloak)
rCorr    .         Rampage  .   (no gloves)
Will     .....                  (no boots)
Stlth    ++........             (no amulet)
HPRegen  0.06/turn              (no ring)
MPRegen  0.09/turn              (no ring)

@: lethally poisoned (0 -> -9), flying, constricted
A: AC +4, unfitting armour, cold-blooded
a: no special abilities


You were on level 1 of the Dungeon.
You visited 1 branch of the dungeon, and saw 2 of its levels.

You collected 35 gold pieces.

Inventory:

Hand Weapons
 c - a +2 spear of venom (weapon)
Scrolls
 a - a scroll of identify {unknown}
 b - a scroll of blinking {unknown}


   Skills:
 + Level 2.2 Dodging
 - Level 1.7 Stealth
 + Level 2.4 Spellcasting
 + Level 4.2 Conjurations


You had 4 spell levels left.
You knew the following spells:

 Your Spells              Type           Power      Damage    Failure   Level
a - Magic Dart            Conj           68%        1d6       3%          1

Your spell library contained the following spells:

 Spells                   Type           Power      Damage    Failure   Level
 Searing Ray              Conj           34%        3d4       4%          2
 Dazzling Flash           Conj/Hex       18%        N/A       22%         3
 Fulminant Prism          Conj/Hex       4%         3d6       58%         4
 Iskenderun's Mystic Bla  Conj/Tloc      9%         2d4       58%         4


Dungeon Overview and Level Annotations

Branches:
Dungeon (2/15)

Altars:

Shops:
D:1 ([


Innate Abilities, Weirdness & Mutations

Your plain brown scales are hard. (AC +4)
You cannot fit into any form of body armour.
You are cold-blooded and may be slowed by cold attacks.


Message History

The kobold throws a stone.
The stone misses you. The ball python bites you.
The ball python barely misses you. The adder closely misses you.
There is a stone staircase leading up here.
The ball python bites you but does no damage.
The ball python closely misses you. The adder bites you.
You are poisoned.
The adder poisons you!
You climb upwards.
You feel sick.
There is a stone staircase leading down here.
Casting: Magic Dart (safe; 3% risk of failure)
Confirm with . or Enter, or press ? or * to list all spells.
Aiming: Magic Dart (safe; 3% risk of failure)
Press: ? - help, Shift-Dir - straight line, f - adder
Aim: an adder (100% to hit)
The magic dart hits the adder.
The adder is lightly wounded.
You feel sick.
The ball python bites you but does no damage.
The ball python closely misses you. The adder barely misses you.
Casting: Magic Dart (safe; 3% risk of failure)
Confirm with . or Enter, or press ? or * to list all spells.
Aiming: Magic Dart (safe; 3% risk of failure)
Press: ? - help, Shift-Dir - straight line, f/p - adder
Aim: an adder (lightly wounded, 100% to hit)
The magic dart hits the adder.
The adder is moderately wounded.
You feel sick. The ball python bites you.
* * * LOW HITPOINT WARNING * * *
The ball python misses you. The adder bites you.
* * * LOW HITPOINT WARNING * * *
You are more poisoned.
The adder poisons you! The ball python barely misses you.
The ball python grabs you.
* * * LOW HITPOINT WARNING * * *
The ball python constricts you.
It was a potion of flight.
You feel very buoyant.
You fly up into the air.
You die...

.........##..#.....###PPPPP#.....
.........###.'......_PPPP.P'.###.
.............#..PPP###P..P.#.....
#.....######.#....## ##PP.P#)....
.......# ##.###############.....
(......####...........#...÷......
.............###.........###.....
#..).............S.......###.#..#
........##.....S@.....###....##.#
.......∩##...............÷#####.#
^......÷......#.#..........÷..#.#
#.....###.............#######....
##...###..##.#..#.....#########..
##........#.#..#..........##....
#.#............................
#.#.........#####..............
#.#.........# ##.............


You could see an adder and a ball python.

Vanquished Creatures
  A dart slug (D:1)
  An endoplasm (D:1)
  3 quokkas (D:1)
  2 ball pythons (D:1)
  3 bats (D:1)
  3 frilled lizards (D:1)
  A goblin (D:1)
  3 kobolds (D:1)
  2 rats (D:1)
19 creatures vanquished.

Notes
Turn   | Place    | Note
-------+----------+-------------------------------------------
     0 | D:1      | Froggeryz the Draconian Conjurer began the quest for the
                  | Orb.
     0 | D:1      | Reached XP level 1. HP: 14/14 MP: 3/3
   185 | D:1      | Reached XP level 2. HP: 17/20 MP: 1/5
   303 | D:1      | Found Tiulum's Weapon Emporium.
   407 | D:1      | Found a faded altar of an unknown god.
   557 | D:1      | Found Butuuwa's Antique Armour Boutique.
   767 | D:1      | Succumbed to an adder's poison

Illustrated notes

Levels and vault maps discovered:
D:1:      grunt_arrival_lava_bath, layout_rooms, serial_shops,
          nicolae_shop_stone, shop, shapermc_ecumenical_altar_flowoftime
D:2:      layout_loops_ring

Skill      XL: |  1 |
---------------+----+-----
Dodging        | 2 |  2.2
Stealth        | |  1.7
Spellcasting   | |  2.4
Conjurations   | |  4.2

Action                   || total
-------------------------++-------
Melee: Unarmed           ||    28
       Tailslap          ||     5
       Spear             ||    19
 Cast: Magic Dart        ||    25
  Use: Potion            ||     1
Armor: Skin              ||    14
Dodge: Dodged            ||    39

Table legend: (Time is in decaauts)
 A = Elapsed time spent in this place.
 B = Non-inter-level travel time spent in this place.
 C = Inter-level travel time spent in this place.
 D = Time resting spent in this place.
 E = Time spent auto-exploring this place.
 F = Levels seen in this place.
 G = Mean time per level.
                   A        B        C        D        E       F      G
               +--------+--------+--------+--------+--------+-----+--------+
         Total |    768 |    747 |     21 |     82 |    511 |   2 |  384.0 |
       Dungeon |    768 |    747 |     21 |     82 |    511 |   2 |  384.0 |
               +--------+--------+--------+--------+--------+-----+--------+

Top non-repeatable levels by time:
     D:1: 757 daAuts
     D:2: 11 daAuts
